SAAA
FLORIDA MEN @ VERMONT LAKE MONSTERS
08/31/2042
 
TOP OF THE 1ST
Florida Men batting - Pitching for Vermont Lake Monsters : RHP Jing Hsi
Pitching: RHP Jing Hsi
Batting: RHB Matsudaira Sugahara 0-0: Ball
1-0: Foul Ball, location: 2F
1-1: Foul Ball, location: 2F
1-2: Ball
2-2: Fly out, F3 (Line Drive, 3, EV 73.1 MPH)
Batting: RHB Marcos Janero 0-0: Reached on error, E8 (Flyball, 8RM, EV 80.0 MPH)
Batting: LHB Edward Kisiner 0-0: Called Strike
0-1: Foul Ball, location: 2F
0-2: Foul Ball, location: 2F
0-2: Ball
1-2: Ball
2-2: Ground out 4-3 (Groundball, 34, EV 85.6 MPH)
Marcos Janero to second
Batting: RHB Walke Mehoff 0-0: Ball
1-0: Fly out, F7 (Flyball, 7S, EV 74.4 MPH)
Top of the 1st over - 0 runs, 0 hits, 1 error, 1 left on base; Florida 0 - Vermont 0
BOTTOM OF THE 1ST
Vermont Lake Monsters batting - Pitching for Florida Men : RHP Kullervo Hostikka
Pitching: RHP Kullervo Hostikka
Batting: RHB Wally Hill 0-0: Ball
1-0: Ball
2-0: Ball
3-0: Called Strike
3-1: Called Strike
3-2: Strikes out swinging
Batting: SHB Enrique Martínez 0-0: Called Strike
0-1: Ground out 4-3 (Groundball, 4, EV 88.8 MPH)
Batting: LHB Jiro Miyake 0-0: Ball
1-0: Ball
2-0: Foul Ball, location: 2F
2-1: Ground out 4-3 (Groundball, 34, EV 76.2 MPH)
Bottom of the 1st over - 0 runs, 0 hits, 0 errors, 0 left on base; Florida 0 - Vermont 0
TOP OF THE 2ND
Florida Men batting - Pitching for Vermont Lake Monsters : RHP Jing Hsi
Batting: RHB César Guerra 0-0: Ground out U3 (Groundball, 3, EV 108.1 MPH)
Batting: LHB Basava Puri 0-0: Called Strike
0-1: Ball
1-1: Foul Ball, location: 2F
1-2: Ball
2-2: DOUBLE (Flyball, 89D, EV 93.8 MPH)
Batting: RHB Ken Joyner 0-0: Ball
Wild Pitch!
Basava Puri to third
1-0: SINGLE (Groundball, 4MD, EV 95.0 MPH)
Basava Puri scores
Batting: SHB Arend van der Veen 0-0: Called Strike
0-1: Foul Ball, location: 2F
0-2: Ball
1-2: Fielders Choice at 2nd, 1-6 (Groundball, 34S, EV 88.8 MPH)
Batting: RHB Tristan Powell 0-0: Called Strike
0-1: Fly out, F9 (Flyball, 9LS, EV 88.8 MPH)
Top of the 2nd over - 1 run, 2 hits, 0 errors, 1 left on base; Florida 1 - Vermont 0
BOTTOM OF THE 2ND
Vermont Lake Monsters batting - Pitching for Florida Men : RHP Kullervo Hostikka
Batting: LHB Todd Strachota 0-0: Ball
1-0: SINGLE (Line Drive, 7S, EV 86.2 MPH)
Batting: RHB Dragoljub Kandic 0-0: Called Strike
0-1: Ball
1-1: Foul Ball, location: 2F
1-2: Foul Ball, location: 2F
1-2: Grounds into double play, 5-4-3 (Groundball, 56, EV 98.1 MPH)
Batting: RHB Phil Sherman 0-0: Ball
1-0: Fly out, F8 (Flyball, 8RXD, EV 98.1 MPH)
Bottom of the 2nd over - 0 runs, 1 hit, 0 errors, 0 left on base; Florida 1 - Vermont 0
TOP OF THE 3RD
Florida Men batting - Pitching for Vermont Lake Monsters : RHP Jing Hsi
Batting: RHB Matsudaira Sugahara 0-0: Called Strike
0-1: Foul Ball, location: 2F
0-2: Ball
1-2: DOUBLE (Line Drive, 9LD, EV 99.4 MPH)
Batting: RHB Marcos Janero 0-0: Ball
1-0: Ball
2-0: Foul Ball, location: 2F
2-1: Ball
3-1: Foul Ball, location: 2F
3-2: Strikes out looking
Batting: LHB Edward Kisiner 0-0: Ball
1-0: Ball
2-0: Called Strike
2-1: Ball
3-1: Ground out 4-3 (Groundball, 4, EV 80.6 MPH)
Matsudaira Sugahara to third
Batting: RHB Walke Mehoff 0-0: Ball
1-0: Fly out, F8 (Flyball, 8LM, EV 97.5 MPH)
Top of the 3rd over - 0 runs, 1 hit, 0 errors, 1 left on base; Florida 1 - Vermont 0
BOTTOM OF THE 3RD
Vermont Lake Monsters batting - Pitching for Florida Men : RHP Kullervo Hostikka
Batting: RHB Mark Kirk 0-0: Fly out, F7 (Flyball, 78M, EV 93.1 MPH)
Batting: RHB John Fuller 0-0: Ball
1-0: Called Strike
1-1: Ball
2-1: Bunt for hit to 15S - play at first, batter OUT! 1-3
Batting: RHB Meshach Ashpenaz 0-0: Foul Ball, location: 2F
0-1: Ball
1-1: Called Strike
1-2: Ground out 5-3 (Groundball, 5S, EV 64.4 MPH)
Bottom of the 3rd over - 0 runs, 0 hits, 0 errors, 0 left on base; Florida 1 - Vermont 0
TOP OF THE 4TH
Florida Men batting - Pitching for Vermont Lake Monsters : RHP Jing Hsi
Batting: RHB César Guerra 0-0: Called Strike
0-1: Swinging Strike
0-2: Ball
1-2: Foul Ball, location: 2F
1-2: DOUBLE (Line Drive, 9LS, EV 92.5 MPH)
Batting: LHB Basava Puri 0-0: Ball
1-0: Ground out U3 (Groundball, 34, EV 91.9 MPH)
César Guerra to third
Batting: RHB Ken Joyner 0-0: Called Strike
0-1: Called Strike
0-2: SINGLE (Groundball, 34D, EV 97.5 MPH)
César Guerra scores
Batting: SHB Arend van der Veen 0-0: Called Strike
0-1: Foul Ball, location: 2F
0-2: Ball
1-2: Strikes out swinging
Batting: RHB Tristan Powell 0-0: Called Strike
0-1: Ball
Ken Joyner steals 2nd base
1-1: Ball
2-1: Ball
3-1: Foul Ball, location: 2F
3-2: Strikes out looking
Top of the 4th over - 1 run, 2 hits, 0 errors, 1 left on base; Florida 2 - Vermont 0
BOTTOM OF THE 4TH
Vermont Lake Monsters batting - Pitching for Florida Men : RHP Kullervo Hostikka
Batting: RHB Wally Hill 0-0: Foul Ball, location: 2F
0-1: Ball
1-1: Foul Ball, location: 2F
1-2: Ball
2-2: SINGLE (Groundball, 56D, EV 108.8 MPH)
Batting: SHB Enrique Martínez 0-0: Called Strike
0-1: Ball
1-1: Ball
2-1: Foul Ball, location: 2F
2-2: 2-RUN HOME RUN (Flyball, 89XD, EV 97.5 MPH), Distance : 413 ft
Batting: LHB Jiro Miyake 0-0: SINGLE (Flyball, 4MD, EV 99.4 MPH)
Batting: LHB Todd Strachota 0-0: Called Strike
0-1: Fly out, F8 (Flyball, 8LM, EV 89.4 MPH)
Batting: RHB Dragoljub Kandic 0-0: Ball
1-0: Called Strike
1-1: Called Strike
1-2: SINGLE (Groundball, 6MD, EV 98.8 MPH)
Jiro Miyake to second
Batting: RHB Phil Sherman 0-0: Called Strike
0-1: Ball
1-1: Foul Ball, location: 2F
1-2: Foul Ball, location: 2F
1-2: Foul Ball, location: 2F
1-2: SINGLE (Line Drive, 8RS, EV 88.8 MPH)
Jiro Miyake to third
Dragoljub Kandic to second
Runner from 3rd tries for Home, SAFE, throw by CF to home
Batting: RHB Mark Kirk 0-0: Ball
1-0: Ball
Wild Pitch!
Dragoljub Kandic to third
Phil Sherman to second
2-0: Ball
3-0: Base on Balls
Batting: RHB John Fuller 0-0: Called Strike
0-1: Ball
1-1: Ball
2-1: Fly out, F3 (Popup, 3SF, EV 73.1 MPH)
Batting: RHB Meshach Ashpenaz 0-0: Called Strike
0-1: Ball
1-1: Ball
2-1: Fielders Choice at 2nd, 5-4 (Groundball, 5, EV 81.2 MPH)
Bottom of the 4th over - 3 runs, 5 hits, 0 errors, 3 left on base; Florida 2 - Vermont 3
TOP OF THE 5TH
Florida Men batting - Pitching for Vermont Lake Monsters : RHP Jing Hsi
Batting: RHB Matsudaira Sugahara 0-0: Foul Ball, location: 2F
0-1: Ball
1-1: Called Strike
1-2: Foul Ball, location: 2F
1-2: Ball
2-2: Ground out 5-3 (Groundball, 5, EV 90.0 MPH)
Batting: RHB Marcos Janero 0-0: Ball
1-0: Foul Ball, location: 2F
1-1: Ball
2-1: Foul Ball, location: 2F
2-2: Ground out U3 (Groundball, 3, EV 91.2 MPH)
Batting: LHB Edward Kisiner 0-0: Ball
1-0: Ball
2-0: Ball
3-0: Base on Balls
Batting: RHB Walke Mehoff 0-0: Ball
1-0: Ground out 5-3 (Groundball, 56S, EV 86.2 MPH)
Top of the 5th over - 0 runs, 0 hits, 0 errors, 1 left on base; Florida 2 - Vermont 3
BOTTOM OF THE 5TH
Vermont Lake Monsters batting - Pitching for Florida Men : RHP Kullervo Hostikka
Batting: RHB Wally Hill 0-0: Called Strike
0-1: Ground out 2-3 (Groundball, 15S, EV 63.8 MPH)
Batting: SHB Enrique Martínez 0-0: Ball
1-0: Ball
2-0: Swinging Strike
2-1: Called Strike
2-2: Ball
3-2: Strikes out swinging
Batting: LHB Jiro Miyake 0-0: Ball
1-0: Swinging Strike
1-1: Called Strike
1-2: Ball
2-2: Ball
3-2: SINGLE (Line Drive, 9S, EV 91.2 MPH)
Batting: LHB Todd Strachota 0-0: Ball
1-0: Called Strike
1-1: Ball
2-1: Foul Ball, location: 2F
2-2: Ball
3-2: Foul Ball, location: 2F
3-2: Foul Ball, location: 2F
3-2: Base on Balls
Jiro Miyake to second
Batting: RHB Dragoljub Kandic 0-0: Ball
1-0: Ball
2-0: Fly out, F9 (Flyball, 89S, EV 83.8 MPH)
Bottom of the 5th over - 0 runs, 1 hit, 0 errors, 2 left on base; Florida 2 - Vermont 3
TOP OF THE 6TH
Florida Men batting - Pitching for Vermont Lake Monsters : RHP Jing Hsi
Pitching: RHP Alejandro Araya
Batting: RHB César Guerra 0-0: Ball
1-0: Ball
2-0: DOUBLE (Line Drive, 9LM, EV 111.2 MPH)
Batting: LHB Basava Puri 0-0: Called Strike
0-1: Called Strike
0-2: Foul Ball, location: 2F
0-2: Ball
1-2: Ball
2-2: Strikes out swinging
Batting: RHB Ken Joyner 0-0: Ball
1-0: Ground out 5-3 (Groundball, 56S, EV 94.4 MPH)
Batting: SHB Arend van der Veen 0-0: Ball
1-0: Ball
2-0: Called Strike
2-1: Swinging Strike
2-2: Ball
3-2: Strikes out looking
Top of the 6th over - 0 runs, 1 hit, 0 errors, 1 left on base; Florida 2 - Vermont 3
BOTTOM OF THE 6TH
Vermont Lake Monsters batting - Pitching for Florida Men : RHP Kullervo Hostikka
Pitching: RHP Marty McFly
Batting: RHB Phil Sherman 0-0: Ball
1-0: Foul Ball, location: 2F
1-1: Ball
2-1: Ground out 5-3 (Groundball, 56S, EV 76.9 MPH)
Batting: RHB Mark Kirk 0-0: Called Strike
0-1: Hit by Pitch
Batting: RHB John Fuller 0-0: Ball
Mark Kirk steals 2nd base
1-0: Foul Ball, location: 2F
1-1: Ground out 6-3 (Groundball, 6M, EV 84.4 MPH)
Mark Kirk to third
Batting: RHB Meshach Ashpenaz 0-0: Called Strike
0-1: Ball
1-1: Foul Ball, location: 2F
1-2: Strikes out swinging
Bottom of the 6th over - 0 runs, 0 hits, 0 errors, 1 left on base; Florida 2 - Vermont 3
TOP OF THE 7TH
Florida Men batting - Pitching for Vermont Lake Monsters : RHP Alejandro Araya
Batting: RHB Tristan Powell 0-0: Called Strike
0-1: Called Strike
0-2: Ball
1-2: Ball
2-2: Strikes out swinging
Batting: RHB Matsudaira Sugahara 0-0: Ball
1-0: Foul Ball, location: 2F
1-1: Ground out 4-3 (Groundball, 4, EV 107.5 MPH)
Batting: RHB Marcos Janero 0-0: Ball
1-0: Fly out, F9 (Flyball, 89D, EV 105.6 MPH)
Top of the 7th over - 0 runs, 0 hits, 0 errors, 0 left on base; Florida 2 - Vermont 3
BOTTOM OF THE 7TH
Vermont Lake Monsters batting - Pitching for Florida Men : RHP Marty McFly
Batting: RHB Wally Hill 0-0: Ball
1-0: Foul Ball, location: 2F
1-1: Fly out, F4 (Line Drive, 4, EV 66.2 MPH)
Batting: SHB Enrique Martínez 0-0: Called Strike
0-1: Ground out 5-3 (Groundball, 5, EV 99.4 MPH)
Batting: LHB Jiro Miyake 0-0: Ball
1-0: Called Strike
1-1: Foul Ball, location: 2F
1-2: SINGLE (Line Drive, 7S, EV 106.2 MPH)
Batting: LHB Todd Strachota 0-0: Called Strike
0-1: Swinging Strike
0-2: Fly out, F6 (Popup, 4MD, EV 48.1 MPH)
Bottom of the 7th over - 0 runs, 1 hit, 0 errors, 1 left on base; Florida 2 - Vermont 3
TOP OF THE 8TH
Florida Men batting - Pitching for Vermont Lake Monsters : RHP Alejandro Araya
Batting: LHB Edward Kisiner 0-0: Called Strike
0-1: Called Strike
0-2: Foul Ball, location: 2F
0-2: Ball
1-2: Ball
2-2: Foul Ball, location: 2F
2-2: Reached on error, E1 (Groundball, 34S, EV 74.4 MPH)
Pitching: RHP Juan Santos
Batting: RHB Walke Mehoff 0-0: Ball
1-0: Called Strike
1-1: Ball
2-1: SINGLE (Flyball, 78S, EV 90.0 MPH)
Edward Kisiner to third
Batting: RHB César Guerra 0-0: SINGLE (Groundball, 6, EV 90.6 MPH) (infield hit)
Edward Kisiner scores
Walke Mehoff to second
Batting: LHB Basava Puri 0-0: Bunted foul
0-1: Sac Bunt to 13 - play at first, batter OUT! 1-4
Walke Mehoff to third
César Guerra to second
Batting: RHB Ken Joyner 0-0: Ball
1-0: Swinging Strike
1-1: Ground out 6-3 (Groundball, 6MS, EV 85.0 MPH)
Batting: SHB Arend van der Veen 0-0: Fly out, F9 (Line Drive, 9, EV 103.8 MPH)
Top of the 8th over - 1 run, 2 hits, 1 error, 2 left on base; Florida 3 - Vermont 3
BOTTOM OF THE 8TH
Vermont Lake Monsters batting - Pitching for Florida Men : RHP Marty McFly
Batting: RHB Dragoljub Kandic 0-0: Swinging Strike
0-1: Called Strike
0-2: Foul Ball, location: 2F
0-2: Foul Ball, location: 2F
0-2: Foul Ball, location: 2F
0-2: Strikes out swinging
Batting: RHB Phil Sherman 0-0: Called Strike
0-1: Called Strike
0-2: Ball
1-2: Ball
2-2: Ball
3-2: Strikes out looking
Batting: RHB Mark Kirk 0-0: DOUBLE (Line Drive, 78M, EV 96.9 MPH)
Pitching: RHP Tomás Mata
Batting: RHB John Fuller 0-0: Ball
1-0: Ground out 4-3 (Groundball, 34, EV 85.6 MPH)
Bottom of the 8th over - 0 runs, 1 hit, 0 errors, 1 left on base; Florida 3 - Vermont 3
TOP OF THE 9TH
Florida Men batting - Pitching for Vermont Lake Monsters : RHP Juan Santos
Batting: RHB Tristan Powell 0-0: Foul Ball, location: 2F
0-1: Ball
1-1: Foul Ball, location: 2F
1-2: Strikes out looking
Batting: RHB Matsudaira Sugahara 0-0: Called Strike
0-1: Swinging Strike
0-2: Strikes out swinging
Batting: RHB Marcos Janero 0-0: Ball
1-0: Called Strike
1-1: Ball
2-1: Called Strike
2-2: Fly out, F8 (Flyball, 8RD, EV 84.4 MPH)
Top of the 9th over - 0 runs, 0 hits, 0 errors, 0 left on base; Florida 3 - Vermont 3
BOTTOM OF THE 9TH
Vermont Lake Monsters batting - Pitching for Florida Men : RHP Tomás Mata
Pinch Hitting: LHB Ryan Ferguson 0-0: Called Strike
0-1: Ball
1-1: Ball
2-1: Swinging Strike
2-2: Ball
3-2: Foul Ball, location: 2F
3-2: Foul Ball, location: 2F
3-2: Base on Balls
Batting: RHB Wally Hill 0-0: Ball
1-0: Bunted foul
1-1: Sac Bunt to 23 - play at first, batter OUT! 3-4
Ryan Ferguson to second
Batting: SHB Enrique Martínez 0-0: Foul Ball, location: 2F
0-1: SINGLE (Groundball, 34D, EV 101.2 MPH)
Ryan Ferguson to third
Runner from 3rd tries for Home, SAFE, throw by RF to home
Friday, March 26th, 2021 - OOTP Baseball 20.8 Build 74